 Dungeon Crawl Stone Soup version 0.31-a0-354-g827e0957a7 (webtiles) character file.

Game seed: 9113778025694929899

490 MacCMillion the Grappler (level 7, -8/49 HPs)
             Began as a Merfolk Shapeshifter on July 24, 2023.
             Killed by divine providence
             ... invoked by an orc priest
              (13 damage)
             ... on level 5 of the Dungeon.
             The game lasted 00:04:44 (4002 turns).

MacCMillion the Grappler (Merfolk Shapeshifter)     Turns: 4002, Time: 00:04:44

Health: -8/49      AC:  5    Str: 17    XL:     7   Next: 14%
Magic:  7/7        EV: 12    Int:  7    God:
Gold:   207        SH:  0    Dex: 15    Spells: 6/6 levels left

rFire   . .          .
                       - Unarmed
rCold   . . .        (no shield)
rNeg    . . .        f - +0 ring mail
rPois   .            (helmet currently unavailable)
rElec   .            (cloak currently unavailable)
rCorr   .            (gloves currently unavailable)
SInv    .            (boots currently unavailable)
Will    .....        (no amulet)
Stlth   +            (no ring)
HPRegen 0.28/turn    (no ring)
MPRegen 0.10/turn

%: no passive effects
@: beast-form
A: beast (slay +3), (nimble swimmer 2), mertail
a: Begin Untransformation


You were on level 5 of the Dungeon.
You were a hulking beast.
You visited 1 branch of the dungeon, and saw 5 of its levels.

You collected 207 gold pieces.

Inventory:

Armour
 f - a +0 ring mail (worn)
Talismans
 c - a beast talisman
Wands
 t - a wand of charming (2)
Scrolls
 e - 7 scrolls of identify {unknown}
 g - a scroll of noise {unknown}
 h - a scroll of blinking {unknown}
 i - a scroll of amnesia {unknown}
 k - 2 scrolls of vulnerability {unknown}
 l - 4 scrolls of teleportation {unknown}
 m - a scroll of fear {unknown}
 q - a scroll of silence {unknown}
 u - a scroll of enchant armour {unknown}
Potions
 a - 2 potions of haste {unknown}
 b - 2 potions of lignification
 d - 3 potions of degeneration {unknown}
 j - 2 potions of mutation {unknown}
 n - 4 potions of curing {unknown}
 o - 2 potions of brilliance {unknown}
 p - a potion of berserk rage {unknown}
 r - a potion of invisibility {unknown}
 s - a potion of attraction {unknown}


   Skills:
 + Level 1.9 Fighting
 + Level 3.3 Dodging
 + Level 8.1 Unarmed Combat
 - Level 4.3 Shapeshifting


You had 6 spell levels left.
You didn't know any spells.
Your spell library contained the following spells:

 Spells                   Type           Power      Damage    Failure   Level
 Dazzling Flash           Conj/Hex       0%         N/A       95%         3
 Volatile Blastmotes      Fire/Tloc      0%         2d10      95%         3
 Starburst                Conj/Fire      0%         6d3       100%        6
 Maxwell's Capacitive Co  Air            0%         ∞         100%        8


Dungeon Overview and Level Annotations

Branches:
Dungeon (5/15)
 Temple: D:4-7

Altars:
Ashenzari
Fedhas
Yredelemnul

Annotations:
D:2 Sigmund


Innate Abilities, Weirdness & Mutations

You are a hulking beast.
Your limbs bulge with bestial killing power. (Slay +3)
((You are very nimble when in or above water. (Stealth+, EV+, Speed+++)))
Your lower body shifts to a powerful aquatic tail in water.


Message History

You feel sick. The scorpion barely misses you.
You hit the scorpion but do no damage.
The scorpion is almost dead.
You feel sick. The scorpion stings you.
You hit the scorpion.
You kill the scorpion!
You feel sick.
No target in view!
You feel sick.
You feel sick.
You feel sick.
You feel sick.
You are no longer poisoned.
You hear the slow rusting of a very distant drain.
An orc priest comes into view. It is wielding a +0 club.
Found a blossoming altar of Fedhas.
The orc priest shouts!
You hear a shout!
An orc priest comes into view. It is wielding a +0 club.
You punch the orc priest!
The orc priest is heavily wounded.
The orc priest calls down the wrath of Beogh upon you.
Pain shoots through your body!
You barely miss the orc priest.
The orc priest is heavily wounded.
The orc priest hits you with a +0 club.
You barely miss the orc priest. Your punch misses the orc priest.
The orc priest is heavily wounded.
The orc priest hits you with a +0 club.
You closely miss the orc priest.
The orc priest is heavily wounded.
The orc priest hits you but does no damage.
The orc priest calls down the wrath of Beogh upon you.
Beogh smites you!
* * * LOW HITPOINT WARNING * * *
You hit the orc priest.
The orc priest is almost dead.
The orc priest misses you.
The orc priest mumbles some strange prayers to Beogh against you.
Beogh smites you!
You die...

...... #....#
..####....#
......o..o#
#....# #....##
#.....#
#.....########
#.......oh...#
#...†...o....#
####.........#
#######
#.........#
#.....#
#.........#
#.###.#
#.........###.#
#.#
#..........##.#
#.#
#..........##.#
#<#
#..........##.#
#.#


You could see 2 orc priests.

Vanquished Creatures
  A black bear (D:3)
  2 scorpions
  2 hounds (D:4)
  An iguana (D:2)
  Jessica (D:3)
  Robin (D:2)
  3 gnolls (D:4)
  3 adders
  3 dart slugs (D:3)
  An orc (D:4)
  4 ball pythons
  3 bats
  8 endoplasms
  6 giant cockroaches
  19 goblins
  8 hobgoblins
  6 jackals (D:2)
  6 kobolds
  7 quokkas
  4 frilled lizards
  4 rats
93 creatures vanquished.

Notes
Turn   | Place    | Note
-------+----------+-------------------------------------------
     0 | D:1      | MacCMillion the Merfolk Shapeshifter began the quest for
                  | the Orb.
     0 | D:1      | Reached XP level 1. HP: 15/15 MP: 1/1
   240 | D:1      | Found a faded altar of an unknown god.
   246 | D:1      | Reached XP level 2. HP: 21/21 MP: 2/2
   462 | D:1      | Reached skill level 4 in Unarmed Combat
   769 | D:2      | Noticed Sigmund
   960 | D:2      | Identified the +5 scale mail of Disappointment {rF+ rC+}
   983 | D:2      | Reached XP level 3. HP: 26/26 MP: 3/3
  1162 | D:2      | Reached skill level 5 in Unarmed Combat
  1162 | D:2      | Reached XP level 4. HP: 32/32 MP: 4/4
  1288 | D:2      | Noticed Robin
  1344 | D:2      | Killed Robin
  1812 | D:3      | Found a basalt altar of Yredelemnul.
  1860 | D:3      | Reached XP level 5. HP: 36/37 MP: 5/5
  1883 | D:3      | Noticed Jessica
  1889 | D:3      | Killed Jessica
  1890 | D:3      | Reached skill level 6 in Unarmed Combat
  2615 | D:3      | Found a broken altar of Ashenzari.
  2733 | D:4      | Noticed a black bear
  2757 | D:3      | Killed a black bear
  2758 | D:3      | Reached skill level 7 in Unarmed Combat
  2758 | D:3      | Reached XP level 6. HP: 20/43 MP: 6/6
  3341 | D:4      | Reached skill level 8 in Unarmed Combat
  3461 | D:4      | Reached XP level 7. HP: 14/48 MP: 7/7
  3926 | D:5      | Entered Level 5 of the Dungeon
  3985 | D:5      | Found a blossoming altar of Fedhas.
  4002 | D:5      | Killed from afar by an orc priest

Illustrated notes

Levels and vault maps discovered:
D:1:      lemuel_arrival_funnel, layout_basic,
          dreamdust_ecumenical_altar_statues
D:2:      layout_basic, grunt_decor_junction, grunt_decor_arrowhead,
          chequers_mini_garden, uniq_sigmund, uniq_robin
D:3:      layout_basic, lemuel_coloured_pillars_altar,
          nicolae_overflow_crystal_walls, minmay_misc_feat_room,
          minmay_starry_boxes, uniq_jessica
D:4:      layout_loops_ring
D:5:      layout_basic, mainiacjoe_overflow_small_starburst, fedhas_altar_3,
          temple_statues, cheibrodos_sewer_entry_bend, minivault_11

Skill      XL: |  1  2  3  4  5  6 |
---------------+-------------------+-----
Unarmed Combat | 4 5 7 8 |  8.1
Dodging        | 3 |  3.3
Fighting       | |  1.9
Shapeshifting  | |  4.3

Action                     |  1- 3 |  4- 6 |  7- 9 || total
---------------------------+-------+-------+-------++-------
  Melee: Unarmed           |    74 |   165 |    12 ||   251
         Punch             |     1 |     8 |       ||     9
         Tailslap          |       |     1 |       ||     1
 Armour: Animal skin       |     2 |       |       ||     2
         Ring mail         |    16 |    47 |     1 ||    64
  Dodge: Dodged            |    52 |    89 |     3 ||   144

Table legend: (Time is in decaauts)
 A = Elapsed time spent in this place.
 B = Non-inter-level travel time spent in this place.
 C = Inter-level travel time spent in this place.
 D = Time resting spent in this place.
 E = Time spent auto-exploring this place.
 F = Levels seen in this place.
 G = Mean time per level.
                   A        B        C        D        E       F      G
               +--------+--------+--------+--------+--------+-----+--------+
         Total |   3958 |   3832 |    126 |    635 |   2571 |   5 |  791.6 |
       Dungeon |   3958 |   3832 |    126 |    635 |   2571 |   5 |  791.6 |
               +--------+--------+--------+--------+--------+-----+--------+

Top non-repeatable levels by time:
     D:3: 1174 daAuts
     D:4: 1018 daAuts
     D:2: 875 daAuts
     D:1: 817 daAuts
     D:5: 74 daAuts
